 Dungeon Crawl Stone Soup version 0.27-a0-1342-ga99462a43c (webtiles) character file.

Game seed: 11030846635759335761

19276 Delamore the Covert (level 12, -3/87 HPs)
             Began as an Octopode Brigand on June 27, 2021.
             Was an Initiate of Gozag.
             Slain by a freezing wraith (15 damage)
             ... on level 11 of the Dungeon.
             The game lasted 00:23:29 (12467 turns).

Delamore the Covert (Octopode Brigand)             Turns: 12467, Time: 00:23:30

Health: -3/87      AC:  5    Str: 10    XL:     12   Next: 67%
Magic:  10/21      EV: 25    Int: 19    God:    Gozag
Gold:   520        SH:  0    Dex: 23    Spells: 10/11 levels left

rFire    . . .     SeeInvis +   g - +1 dagger (venom)
rCold    . . .     Faith    .   (no shield)
rNeg     . . .     Spirit   .   (helmet restricted)
rPois    .         Reflect  .   a - amulet of regeneration
rElec    .         Harm     .   h - +4 ring of evasion
rCorr    +         Rampage  .   j - ring of resist corrosion
Will     .....                  l - ring of see invisible
Stlth    ++++++++..             I - ring of the Shimmering Genius {rCorr MP+9 Int+4 Stlth+}
HPRegen  1.24/turn              J - +6 ring of dexterity
MPRegen  0.17/turn              c - +4 ring of protection
                                (no ring)
                                (no ring)

@: gold aura
A: almost no armour, amphibious, 8 rings, camouflage 1, gelatinous body 1,
(nimble swimmer 1), tentacles
a: Renounce Religion, Potion Petition, Call Merchant, Bribe Branch


You were on level 11 of the Dungeon.
You worshipped Gozag.
Gozag was pleased with you.
You visited 1 branch of the dungeon, and saw 11 of its levels.
You also visited: Ossuary.

You collected 3469 gold pieces.
You spent 1664 gold pieces at shops.
You paid 1285 gold pieces to Gozag.

Inventory:

Hand Weapons
 g - a +1 dagger of venom (weapon)
 r - a +3 dagger
 u - a +2 dagger of holy wrath
Missiles
 b - 38 poisoned darts (quivered)
 i - 9 boomerangs
 P - 7 javelins
Jewellery
 a - an amulet of regeneration (around mantle)
 c - a +4 ring of protection (on tentacle)
 h - a +4 ring of evasion (left tentacle)
 j - a ring of resist corrosion (right tentacle)
 l - a ring of see invisible (on tentacle)
 m - a ring of fire
 I - the ring of the Shimmering Genius (on tentacle) {rCorr MP+9 Int+4 Stlth+}
   (You bought it in a shop on level 7 of the Dungeon)

   [ring of magical power]

   It affects your intelligence (+4).
   It affects your magic capacity (+9).
   It protects you from acid and corrosion.
   It makes you more stealthy.
 J - a +6 ring of dexterity (on tentacle)
Wands
 n - a wand of flame (17)
 B - a wand of paralysis (9)
 D - a wand of polymorph (13)
 H - a wand of digging (3)
Scrolls
 e - 2 scrolls of amnesia
 f - 2 scrolls of fear
 o - 3 scrolls of teleportation
 p - a scroll of magic mapping
 t - 4 scrolls of noise
 v - a scroll of immolation {unknown}
 w - a scroll of summoning
 y - a scroll of enchant armour {unknown}
 F - 2 scrolls of holy word {unknown}
 G - 2 scrolls of fog
 K - a scroll of brand weapon {unknown}
 L - 2 scrolls of identify
 N - a scroll of vulnerability {unknown}
Potions
 d - a potion of invisibility
 k - 3 potions of flight
 q - 3 potions of heal wounds
 s - 2 potions of degeneration {unknown}
 x - 2 potions of lignification
 z - 4 potions of berserk rage
 A - 5 potions of curing
 C - a potion of attraction {unknown}
 E - a potion of might
 O - a potion of brilliance


   Skills:
 + Level 9.7 Fighting
 - Level 10.0 Short Blades
 - Level 6.0 Throwing
 + Level 9.6 Dodging
 + Level 14.5 Stealth
 - Level 5.0 Evocations


You had 10 spell levels left.
You knew the following spells:

 Your Spells              Type           Power      Damage    Failure   Level
a - Summon Small Mammal   Summ           0%         N/A       21%         1

Your spell library contained the following spells:

 Spells                   Type           Power      Damage    Failure   Level
 Animate Skeleton         Necr           0%         N/A       21%         1
 Magic Dart               Conj           0%         1d3       21%         1
 Pain                     Necr           0%         1d4       21%         1
 Shock                    Conj/Air       0%         1d3       21%         1
 Call Imp                 Summ           0%         N/A       30%         2
 Searing Ray              Conj           0%         3d3       30%         2
 Static Discharge         Conj/Air       0%         N/A       30%         2
 Call Canine Familiar     Summ           0%         N/A       52%         3
 Dazzling Flash           Conj/Hex       0%         N/A       52%         3
 Summon Guardian Golem    Hex/Summ       0%         N/A       52%         3
 Swiftness                Air            0%         N/A       52%         3
 Vampiric Draining        Necr           0%         2d6       52%         3
 Airstrike                Air            0%         N/A       90%         4
 Animate Dead             Necr           0%         N/A       90%         4
 Fulminant Prism          Conj/Hex       0%         3d6       90%         4
 Iskenderun's Mystic Bla  Conj/Tloc      0%         2d3       90%         4
 Summon Ice Beast         Ice/Summ       0%         N/A       90%         4
 Summon Lightning Spire   Summ/Air       0%         N/A       90%         4
 Agony                    Necr           0%         N/A       99%         5
 Lightning Bolt           Conj/Air       0%         1d11      99%         5


Dungeon Overview and Level Annotations

Branches:
Dungeon (11/15)            Temple (0/1) D:5         Ossuary (visited)
   Lair: D:8-11         Orc: D:9-12

Altars:
Ashenzari
Cheibriados
Elyvilon
Gozag
Hepliaklqana
Makhleb
Nemelex Xobeh
Qazlal
Ru
Trog
Uskayaw
Yredelemnul

Shops:
D:2 =   D:5 *   D:7 =   D:8 !   D:9 :   D:10 =


Innate Abilities, Weirdness & Mutations

You cannot wear most types of armour.
You are amphibious.
You can wear up to eight rings at the same time.
Your skin changes colour to match your surroundings (Stealth+).
Your rubbery body absorbs attacks. (AC +1, EV +1)
((You are camouflaged near water. (Stealth+)))
You have tentacles for arms and can constrict up to eight enemies at once.


Message History

* * * LOW HITPOINT WARNING * * *
You feel your power leaking away. The tengu warrior misses you.
The tengu warrior claws you but does no damage.
You feel much better.
You constrict the gargoyle.
You destroy the gargoyle!
You constrict the tengu warrior. The centaur warrior misses you.
The centaur warrior kicks you.
The tengu warrior hits you with a +2 antimagic war axe!
* * * LOW HITPOINT WARNING * * *
You feel your power leaking away. The tengu warrior pecks you.
* * * LOW HITPOINT WARNING * * *
The tengu warrior barely misses you.
You hit the tengu warrior.
The tengu warrior is almost dead.
You constrict the tengu warrior.
You kill the tengu warrior!
The centaur warrior completely misses you.
The centaur warrior misses you.
You hit the freezing wraith but do no damage.
The centaur warrior barely misses you. The centaur warrior kicks you.
* * * LOW HITPOINT WARNING * * *
You completely miss the freezing wraith.
Your squeeze misses the freezing wraith.
A vampire mosquito comes into view.
The centaur warrior misses you. The centaur warrior barely misses you.
The freezing wraith completely misses you.
The freezing wraith hits you but does no damage.
You hit the freezing wraith but do no damage.
The centaur warrior completely misses you.
The centaur warrior kicks you but does no damage.
You hit the centaur warrior.
The centaur warrior looks as sick as possible!
The centaur warrior is moderately wounded.
The freezing wraith hits you!
* * * LOW HITPOINT WARNING * * *
The freezing wraith freezes you!
You die...
Your body crumbles into a pile of gold.

###..... .......#
.#.....# .......#
.......# ##
.#...≈.#####.#####
#≈≈≈≈<.#.........# $ $
≈≈≈≈≈≈.#....#....# $ $$
≈≈≈≈≈≈.#..#...#$@# $ $
≈≈≈≈≈>.#.......cW###
≈≈≈≈≈≈...#..#..#y..#
≈..≈≈#.#.........##...B.
≈..###.#..#...#..# .cQ.
(..# #.#....#....# #.#
...# #.#.........# .
...# #.#####.##### ...#
#.#...[.....#


You could see a centaur warrior (extremely poisoned), a freezing wraith and a
vampire mosquito.

Vanquished Creatures
  4 two-headed ogres
  3 boulder beetles
  A tengu warrior (D:11)
  Urug (D:10)
  A skeletal warrior (D:7)
  A deep elf pyromancer (D:7)
  2 ugly things (D:9)
  2 cyclopes
  An unseen horror (D:7)
  3 gargoyles
  2 kobold demonologists
  A freezing wraith (D:11)
  2 komodo dragons
  A troll (D:10)
  A hornet (D:9)
  2 shadows
  3 wraiths
  13 yaks
  A steam dragon (D:9)
  5 vampire mosquitoes
  Grum (D:10)
  An acid dragon (D:9)
  2 water moccasins
  2 black bears
  4 orc warriors
  2 ice beasts (D:5)
  An ogre (D:5)
  2 wolves (D:10)
  6 centaurs
  2 phantoms
  4 elf zombies (Ossuary)
  2 kobold brigands (D:9)
  Blork the orc (D:5)
  3 bullfrogs
  3 scorpions
  A wyvern zombie (D:9)
  12 killer bees
  5 wights
  3 electric eels (D:11)
  5 howler monkeys
  A jelly (D:6)
  4 centaur zombies
  2 bullfrog skeletons (D:5)
  2 human zombies (Ossuary)
  2 hounds
  5 orc priests
  A centaur skeleton (D:6)
  4 orc wizards
  A killer bee zombie (D:9)
  2 mummies (Ossuary)
  8 howler monkey zombies
  Robin (D:3)
  A howler monkey skeleton (D:5)
  3 adders
  A shadow imp (D:7)
  3 white imps
  An ufetubus (D:4)
  3 worms
  4 dart slugs
  20 orcs
  4 ball pythons
  6 bats
  4 endoplasms
  A giant cockroach (D:4)
  20 goblins
  14 hobgoblins
  5 jackals
  6 quokkas
  4 frilled lizards
  2 gnoll zombies (Ossuary)
  3 goblin zombies
  A hobgoblin zombie (Ossuary)
  17 kobolds
  3 orc zombies (Ossuary)
  2 rats
  A rat zombie (D:8)
274 creatures vanquished.

Vanquished Creatures (others)
  A killer bee (D:11)
1 creature vanquished.

Grand Total: 275 creatures vanquished

Notes
Turn   | Place    | Note
-------+----------+-------------------------------------------
     0 | D:1      | Delamore the Octopode Brigand began the quest for the Orb.
     0 | D:1      | Reached XP level 1. HP: 14/14 MP: 1/1
   294 | D:1      | Reached XP level 2. HP: 19/19 MP: 2/2
   711 | D:1      | Reached XP level 3. HP: 13/25 MP: 1/3
   716 | D:1      | HP: 1/25 [poisoned by a kobold]
   778 | D:1      | Identified a scroll of acquirement
   778 | D:1      | Acquired 1026 gold pieces
  1542 | D:2      | Reached skill level 6 in Stealth
  1611 | D:2      | Found Muotedoa's Jewellery Shop.
  1618 | D:2      | Reached XP level 4. HP: 28/30 MP: 4/4
  1625 | D:2      | Bought a +4 ring of evasion for 432 gold pieces
  1626 | D:2      | Bought a ring of resist corrosion for 240 gold pieces
  1717 | D:2      | Found a faded altar of an unknown god.
  2274 | D:2      | Learned a level 1 spell: Summon Small Mammal
  2304 | D:3      | Noticed Robin
  2863 | D:3      | Killed Robin
  2864 | D:3      | Reached XP level 5. HP: 29/36 MP: 3/5
  3659 | D:3      | Reached skill level 7 in Stealth
  3698 | D:3      | Found an opulent altar of Gozag.
  3769 | D:3      | Became a worshipper of Gozag Ym Sagoz the Greedy
  4028 | D:4      | Reached XP level 6. HP: 43/43 MP: 6/6
  4029 | D:4      | Noticed a black bear
  4035 | D:4      | Killed a black bear
  4305 | D:4      | Found a snail-covered altar of Cheibriados.
  4338 | D:4      | Reached XP level 7. HP: 49/49 MP: 7/7
  4347 | D:4      | Reached skill level 8 in Stealth
  4348 | D:4      | Paralysed by a hobgoblin for 4 turns
  4516 | D:5      | Entered Level 5 of the Dungeon
  4516 | D:5      | Found Lotzosuu's Assorted Antiques.
  4669 | D:5      | Noticed Blork the orc
  4673 | D:5      | Killed Blork the orc
  4674 | D:5      | Reached skill level 5 in Fighting
  4674 | D:5      | Reached skill level 5 in Short Blades
  4680 | D:5      | Found a staircase to the Ecumenical Temple.
  4761 | D:5      | Reached skill level 9 in Stealth
  4850 | D:5      | Reached XP level 8. HP: 43/55 MP: 8/8
  5035 | D:5      | Found a basalt altar of Yredelemnul.
  5035 | D:5      | Found a broken altar of Ashenzari.
  5490 | D:5      | Bought an encrusted ivory ring for 100 gold pieces
  5490 | D:5      | Bought a scroll labelled KEHOUSUUFA for 20 gold pieces
  5490 | D:5      | Bought an orange potion for 18 gold pieces
  5560 | D:6      | Reached skill level 10 in Stealth
  5726 | D:6      | Reached skill level 1 in Evocations
  6377 | D:7      | Reached XP level 9. HP: 53/61 MP: 9/9
  6454 | D:7      | Found a hazy altar of Hepliaklqana.
  6532 | D:7      | Noticed a deep elf pyromancer
  6533 | D:7      | Noticed an unseen horror
  6539 | D:7      | Killed a deep elf pyromancer
  6675 | D:7      | Killed an unseen horror
  6783 | D:7      | Found a bloodstained altar of Trog.
  6932 | D:7      | Reached skill level 5 in Throwing
  7123 | D:7      | Reached skill level 5 in Evocations
  7132 | D:7      | Noticed a skeletal warrior
  7178 | D:8      | Reached XP level 10. HP: 56/66 MP: 10/10
  7209 | D:8      | Found a sand-covered staircase.
  7227 | Ossuary  | Entered an ossuary
  7247 | Ossuary  | Reached skill level 5 in Dodging
  7518 | D:8      | Found Rut Xatz's Distillery.
  7524 | D:8      | Bought a potion of heal wounds for 75 gold pieces
  7524 | D:8      | Bought a potion of curing for 45 gold pieces
  7524 | D:8      | Bought a potion of heal wounds for 75 gold pieces
  7524 | D:8      | Bought a potion of curing for 45 gold pieces
  7524 | D:8      | Bought a potion of flight for 45 gold pieces
  7762 | D:7      | Bought the ring of the Shimmering Genius {rCorr MP+9 Int+4
                  | Stlth+} for 569 gold pieces
  7861 | D:8      | Found a sacrificial altar of Ru.
  8424 | D:7      | HP: 1/66 [skeletal warrior (28)]
  8474 | D:7      | Killed a skeletal warrior
  8475 | D:7      | Reached skill level 10 in Short Blades
  8640 | D:9      | Noticed a two-headed ogre
  8643 | D:9      | Killed a two-headed ogre
  8940 | D:9      | Noticed a kobold demonologist
  8949 | D:8      | Found a sparkling altar of Nemelex Xobeh.
  8949 | D:8      | Found a hide-covered altar of Uskayaw.
  8949 | D:8      | Found a white marble altar of Elyvilon.
  8949 | D:8      | Found a stormy altar of Qazlal.
  9079 | D:8      | Killed a kobold demonologist
  9080 | D:8      | Reached skill level 11 in Stealth
  9080 | D:8      | Reached XP level 11. HP: 51/72 MP: 11/11
  9335 | D:9      | Found Humut's Book Boutique.
  9568 | D:9      | Noticed a boulder beetle
  9593 | D:9      | Killed a boulder beetle
  9717 | D:9      | Noticed a cyclops
  9880 | D:9      | Killed a cyclops
  9881 | D:9      | Reached skill level 12 in Stealth
  9938 | D:9      | Noticed a green ugly thing
  9938 | D:9      | Noticed a cyan ugly thing
 10020 | D:9      | Killed a cyan ugly thing
 10062 | D:9      | Killed a cyan ugly thing
 10635 | D:9      | Found a burning altar of Makhleb.
 10635 | D:9      | Noticed a green death
 10690 | D:10     | Entered Level 10 of the Dungeon
 10742 | D:10     | Noticed a sixfirhy
 10837 | D:10     | Noticed a boulder beetle
 10859 | D:10     | Killed a boulder beetle
 10964 | D:10     | Noticed Grum
 10970 | D:10     | Killed Grum
 11065 | D:10     | Noticed a two-headed ogre
 11088 | D:10     | Killed a two-headed ogre
 11089 | D:10     | Reached skill level 13 in Stealth
 11130 | D:10     | Noticed a cyclops
 11193 | D:10     | Reached XP level 12. HP: 69/84 MP: 12/12
 11815 | D:10     | Noticed Urug
 11819 | D:10     | Killed Urug
 11991 | D:11     | Noticed a two-headed ogre
 12128 | D:10     | Killed a two-headed ogre
 12260 | D:11     | Noticed a boulder beetle
 12262 | D:11     | Reached skill level 14 in Stealth
 12293 | D:11     | Killed a boulder beetle
 12391 | D:11     | Noticed a two-headed ogre
 12394 | D:11     | Killed a two-headed ogre
 12433 | D:11     | Noticed a boulder beetle
 12433 | D:11     | Noticed a centaur warrior
 12433 | D:11     | Noticed a tengu warrior
 12463 | D:11     | Killed a tengu warrior
 12467 | D:11     | Slain by a freezing wraith

Illustrated notes

Levels and vault maps discovered:
D:1:      dpeg_arrival_signposts, layout_basic
D:2:      minmay_chambers_of_ones, layout_loops_ring,
          hellmonk_ecumenical_altar_lost_god, serial_shops, shop
D:3:      layout_basic, nicolae_gozag_seed_capital, minmay_cupped, uniq_robin
D:4:      layout_rooms, kennysheep_mini_moat, hangedman_decor_peaks_small,
          minmay_vboxes
D:5:      layout_gridville, gammafunk_temple_overflow_wave,
          minmay_temple_entry_waves, serial_shops, nicolae_take_the_stairs,
          lemuel_flamethrower_2, uniq_blork_the_orc
D:6:      layout_loops_ring
D:7:      layout_basic, trog_hazing_becter, general_overflow_altar, kb_rosetta
D:8:      layout_cave_pools, nicolae_overflow_hidden_temple, enter_ossuary_4,
          serial_shops, nicolae_shop_trees
D:9:      minmay_quarter_circles, layout_irregular_city,
          makhleb_altar_promises_db, serial_shops, nicolae_shop_behind_doors
D:10:     layout_loops_ring, abandoned_shop, chequers_avenue, uniq_grum,
          uniq_urug
D:11:     minmay_the_grid_3x2 [minmay_the_grid_stretched_grid,
          minmay_the_grid_pillar_ring, minmay_the_grid_doors,
          minmay_the_grid_tri_star, minmay_the_grid_armoury,
          minmay_the_grid_prize_big_room], layout_basic, lair_entry_dummy,
          hangedman_ranch, uniq_harold

Skill      XL: |  1  2  3  4  5  6  7  8  9 10 11 12 |
---------------+-------------------------------------+-----
Stealth        | 6 7 9 10 11 13 14 | 14.5
Short Blades   | 3 4 5 7 8 10 | 10.0
Fighting       | 3 4 5 6 8 9 |  9.7
Evocations     | 2 5 |  5.0
Dodging        | 2 4 6 8 9 |  9.6
Throwing       | 3 5 6 |  6.0

Action                   |  1- 3 |  4- 6 |  7- 9 | 10-12 || total
-------------------------+-------+-------+-------+-------++-------
Melee: Dagger            |    53 |    88 |   244 |   825 ||  1210
       Constrict         |    14 |    24 |    34 |    74 ||   146
       Tentacles         |     7 |    14 |    51 |   229 ||   301
Throw: Dart              |       |    58 |    10 |    49 ||   117
       Boomerang         |       |       |       |     3 ||     3
       Throwing net      |       |       |       |     1 ||     1
 Cast: Summon Small Mamm |       |       |       |     4 ||     4
Invok: Call Merchant     |       |       |     1 |     1 ||     2
Evoke: Wand              |       |       |     2 |       ||     2
  Use: Scroll            |     3 |       |     4 |     2 ||     9
       Potion            |     3 |       |       |     3 ||     6
 Stab: Sleeping          |    12 |    16 |    11 |    18 ||    57
       Invisible         |     1 |       |       |       ||     1
       Distracted        |       |       |     3 |     7 ||    10
       Paralysed         |       |       |     1 |       ||     1
       Held in net/web   |       |       |       |     1 ||     1
Armor: Skin              |     5 |     2 |     4 |    24 ||    35
Dodge: Dodged            |    30 |    60 |   143 |   504 ||   737

Table legend: (Time is in decaauts)
 A = Elapsed time spent in this place.
 B = Non-inter-level travel time spent in this place.
 C = Inter-level travel time spent in this place.
 D = Time resting spent in this place.
 E = Time spent auto-exploring this place.
 F = Levels seen in this place.
 G = Mean time per level.
                   A        B        C        D        E       F      G
               +--------+--------+--------+--------+--------+-----+--------+
         Total |  11996 |  11401 |    595 |   1775 |   7104 |  12 |  999.7 |
       Dungeon |  11781 |  11186 |    595 |   1775 |   6975 |  11 | 1071.0 |
       Ossuary |    215 |    215 |      0 |      0 |    129 |   1 |  215.0 |
               +--------+--------+--------+--------+--------+-----+--------+

Top non-repeatable levels by time:
     D:9: 1933 daAuts
     D:3: 1628 daAuts
     D:1: 1430 daAuts
    D:10: 1241 daAuts
     D:7: 1234 daAuts
     D:5: 994 daAuts
     D:2: 920 daAuts
     D:8: 858 daAuts
     D:6: 820 daAuts
     D:4: 502 daAuts
 Ossuary: 215 daAuts
    D:11: 215 daAuts
